[Event "Late-Titled-Tuesday-Blitz-March-05-2024"]
[Site "Chess.com"]
[Date "2024.03.05"]
[Round "2"]
[White "jstopa4"]
[Black "Mikhal867"]
[Result "0-1"]
[WhiteElo "2698"]
[BlackElo "2478"]
[TimeControl "180+1"]
[EndTime "14:17:58 PST"]
[Termination "Mikhal867 won by resignation"]

1. d4 Nf6 2. c4 g6 3. f3 Bg7 4. e4 O-O 5. Ne2 d6 6. Nbc3 Nc6 7. Be3 a6 8. h4 h5 9. Qd2 Re8 10. g4 e5 11. d5 Nd4 12. Nxd4 exd4 13. Bxd4 hxg4 14.
O-O-O gxf3 15. Bh3 Nh5 16. Qf2 Bxd4 17. Rxd4 Qf6 18.
Rd3 Bxh3 19. Rxf3 Qe5 20. Rhxh3 Re7 21. Rh1 b5 22. a3 bxc4 23. Rf1 Rf8 24. Rg1 Kh7 25.
Rg5 Qg7 26. Rff5 Qh6 27. Rf3 f6 28. Kb1 fxg5 29. Rxf8 gxh4 30. e5 h3 31. e6 h2 32.
Rf7+ Rxf7 33. Qxf7+ Ng7 34. e7 h1=Q+ 35. Ka2 Qe1 36. Qf8 Nf5 37. Qf7+ Ng7 38. Qf8 Qe5 39. Qf7 Qhg5 40. Ne4 Qxe4 41. Qe8 Qexe7 0-1

[Event "Late-Titled-Tuesday-Blitz-March-05-2024"]
[Site "Chess.com"]
[Date "2024.03.05"]
[Round "2"]
[White "NovakRatko"]
[Black "PepeCuenca"]
[Result "0-1"]
[WhiteElo "2397"]
[BlackElo "2712"]
[TimeControl "180+1"]
[EndTime "14:17:58 PST"]
[Termination "PepeCuenca won on time"]

1. d4 Nf6 2. c4 g6 3. Nc3 Bg7 4. e4 d6 5. f3 O-O 6. Be3 c5 7. dxc5 dxc5 8. Qxd8 Rxd8 9. Bxc5 Nc6 10. Nd5 Nd7 11. Nxe7+ Nxe7 12. Bxe7 Bxb2 13. Bxd8 Bc3+ 14. Kf2 Bxa1 15. Bg5 Nc5 16. Be3 b6 17. Be2 Bg7 18. Nh3 Bxh3 19. gxh3 Rd8 20. Rd1 Rxd1 21. Bxd1 Ne6 22.
a4 Bd4 23. f4 Kf8 24. Bg4 Bxe3+ 25. Kxe3 Nc5 26. Bd1 Ke7 27. Kd4 Ne6+ 28. Ke3 Kd6 29. f5 Nc5 30. Kd4 f6 31. h4 gxf5 32. exf5 a5 33.
Bc2 Nd7 34. Bd1 Ne5 35. Be2 Nc6+ 36. Ke4 Kc5 37. Kf4 Ne5 38. h3 Kd4 39. Bf1 Nxc4 40.
Bxc4 Kxc4 41. Kg4 b5 42. axb5 Kxb5 43. Kh5 a4 44. Kh6 a3 45. Kxh7 a2 46. Kg6 a1=Q 47.
h5 Qg1+ 48. Kxf6 Qg8 49. Ke7 Qg7+ 50. Ke6 Kc6 51. f6 Qf8 0-1

[Event "Late-Titled-Tuesday-Blitz-March-05-2024"]
[Site "Chess.com"]
[Date "2024.03.05"]
[Round "2"]
[White "Supelyel"]
[Black "DIMONBANAN"]
[Result "1-0"]
[WhiteElo "2378"]
[BlackElo "2533"]
[TimeControl "180+1"]
[EndTime "14:17:58 PST"]
[Termination "Supelyel won by resignation"]

1. c4 e6 2. Nc3 d5 3. cxd5 exd5 4.
d4 c6 5. Nf3 Nf6 6. Bg5 Qb6 7.
Qc2 Ne4 8. Nxe4 dxe4 9. Qxe4+ Be6 10. Qc2 Na6 11. a3 f6 12. Bd2 O-O-O 13. e3 Kb8 14. b4 Nc7 15. Be2 g5 16. O-O Nd5 17.
Rfb1 Qc7 18. a4 Bd6 19. g3 h5 20. e4 Ne7 21. e5 Bf5 22. exd6 Bxc2 23. dxc7+ Kxc7 24.
Rc1 Be4 25. b5 g4 26. Nh4 Rxd4 27. Bf4+ Kc8 28. Rc4 Rhd8 29. Rxd4 Rxd4 30. Be3 Rd7 31.
Bxa7 Rd2 32. Bf1 Nd5 33. bxc6 bxc6 34. Bg2 f5 35. Bxe4 fxe4 36. Nf5 Kb7 37. Be3 Rb2 38. a5 Ka6 39. Bd4 Rb5 40. Nd6 Rb4 41. Bc5 Rb2 42. Nxe4 Rc2 43. Bd4 Nb4 44. Nc5+ Kb5 45. a6 Nxa6 46.
Nxa6 Rd2 47. Be3 Rd8 48. Nc5 Kc4 49. Rc1+ Kb4 50. Kg2 Rf8 51. Rd1 Rf5 52. Rd7 Kc4 53.
Rg7 Kc3 54. Rg5 Rf7 55. Rxh5 Kc2 56. Rg5 Kd1 57. Rxg4 Ke2 58. Rf4 Rh7 59. h4 Rh8 60. Ne4 Rd8 61. Nf6 Rc8 62. h5 c5 63. Bxc5 Rxc5 64. h6 Rc8 65. h7 Rh8 66. Rg4 Kd3 67. Rg8 Rxh7 68. Nxh7 Ke4 69. Rf8 Ke5 70. Rf4 1-0

[Event "Late-Titled-Tuesday-Blitz-March-05-2024"]
[Site "Chess.com"]
[Date "2024.03.05"]
[Round "2"]
[White "NovakCabarkapa"]
[Black "jaskol95"]
[Result "1-0"]
[WhiteElo "2819"]
[BlackElo "2569"]
[TimeControl "180+1"]
[EndTime "14:18:00 PST"]
[Termination "NovakCabarkapa won by checkmate"]

1. b3 d5 2. Bb2 Bg4 3. f3 Bh5 4.
Nh3 e6 5. e3 Nf6 6. Nc3 c6 7. Nf4 Bg6 8. h4 Bd6 9. Nce2 e5 10. h5 exf4 11. hxg6 fxe3 12. gxf7+ Kxf7 13. dxe3 Nbd7 14. Qd2 Qe7 15. O-O-O Ba3 16. Nd4 Bxb2+ 17. Kxb2 a5 18. a4 Rhe8 19. Bd3 Qxe3 20. Qxe3 Rxe3 21.
Bxh7 g6 22. Rh6 Nf8 23. Bxg6+ Nxg6 24. Nf5 Re2 25. g4 Ne5 26. g5 Ng8 27. Nd6+ Ke7 28. Nf5+ Kd7 29. Rh7+ Kc8 30. Rg7 Ra6 31. Rxg8+ Kc7 32. g6 Rg2 33. g7 Nc4+ 34. bxc4 Rb6+ 35.
Kc1 Rb4 36. Rf8 Rxc4 37. Ne3 Rxg7 38. Nxc4 dxc4 39. Rf5 Kb6 40. Kb2 Rg2 41. Rd4 Rf2 42. Rxc4 Ka6 43. Rc3 Re2 44. Rb3 Re3 45. Rxe3 c5 46.
Rxc5 b6 47. Rc7 b5 48. Re6# 1-0

[Event "Late-Titled-Tuesday-Blitz-March-05-2024"]
[Site "Chess.com"]
[Date "2024.03.05"]
[Round "2"]
[White "stollenmonster"]
[Black "rodp92"]
[Result "0-1"]
[WhiteElo "2868"]
[BlackElo "2498"]
[TimeControl "180+1"]
[EndTime "14:18:01 PST"]
[Termination "rodp92 won by resignation"]

1. e4 g6 2. g3 c6 3. Bg2 d5 4. exd5 cxd5 5. d4 Nf6 6. Ne2 Nc6 7. c3 Bg7 8. h3 O-O 9. O-O e6 10. Nf4 b5 11. Nd3 a5 12. a3 Qb6 13. Bf4 Ba6 14.
Nc5 b4 15. Nxa6 Rxa6 16. Nd2 bxc3 17. bxc3 a4 18. Rb1 Qa7 19. Bd6 Rc8 20. Qe2 Nxd4 21.
cxd4 Rxd6 22. Rb4 Rb6 23. Rfb1 Rcb8 24. Rxb6 Rxb6 25. Rc1 Rb8 26. Nf3 Ne4 27. Qe3 h6 28. Qf4 g5 29. Qe3 Rb3 30. Rc8+ Kh7 31. Qe2 Bxd4 32. Qc2 Rb2 33. Nxg5+ hxg5 34. Bxe4+ dxe4 35. Qxe4+ Kg7 36. h4 Rxf2 37. Kh1 Bf6 38. hxg5 Rf1+ 39. Kg2 Qf2+ 40. Kh3 Bxg5 41. Qe5+ Bf6 42. Qe4 Qf5+ 43.
Qxf5 Rxf5 44. Rc4 Ra5 45. Rg4+ Kf8 46. Rc4 Bb2 0-1

[Event "Late-Titled-Tuesday-Blitz-March-05-2024"]
[Site "Chess.com"]
[Date "2024.03.05"]
[Round "2"]
[White "fandebobbyfischer"]
[Black "norwaytoadog"]
[Result "1-0"]
[WhiteElo "2668"]
[BlackElo "2269"]
[TimeControl "180+1"]
[EndTime "14:18:03 PST"]
[Termination "fandebobbyfischer won on time"]

1. e4 c5 2. Nf3 Nc6 3. c3 d5 4. exd5 Qxd5 5. d4 Bg4 6. Be2 cxd4 7. cxd4 e6 8. O-O Nf6 9. Nc3 Qa5 10. Be3 Bd6 11. h3 Bh5 12. a3 O-O 13. Qb3 Rab8 14. Rac1 a6 15. Rfd1 Ne7 16. Bd2 Qd8 17. Ne5 Bxe2 18.
Nxe2 Ned5 19. Nc4 Bc7 20. g3 Ne4 21. Be1 Qg5 22. Qf3 Qg6 23. Qg2 h5 24. Ne5 Bxe5 25. dxe5 Rbc8 26. Nd4 h4 27. gxh4 Rxc1 28. Rxc1 Qh6 29.
Rc4 b5 30. Rc6 Nd2 31. Qg5 Nc4 32. Qxh6 gxh6 33. b3 Nxe5 34. Rxa6 Kh7 35. Nxb5 Rg8+ 36. Kf1 Nf3 37. Ra7 Nf4 38. Rxf7+ Kh8 39. Rxf4 Rg1+ 40.
Ke2 Nxe1 41. Rg4 Rh1 42. Nd4 e5 43. Nc6 Nc2 44. Nxe5 1-0

[Event "Late-Titled-Tuesday-Blitz-March-05-2024"]
[Site "Chess.com"]
[Date "2024.03.05"]
[Round "2"]
[White "valeriocarnicelli"]
[Black "Alphafischer2019"]
[Result "0-1"]
[WhiteElo "2534"]
[BlackElo "2726"]
[TimeControl "180+1"]
[EndTime "14:18:04 PST"]
[Termination "Alphafischer2019 won by resignation"]

1. b3 Nf6 2. Bb2 g6 3. Bxf6 exf6 4. c4 Bg7 5. Nc3 O-O 6. g3 f5 7.
Bg2 h5 8. e3 h4 9. Nge2 d6 10. O-O Nd7 11. d4 Nf6 12. Rc1 Re8 13.
Nd5 Ne4 14. Nef4 c6 15. Nc3 Bd7 16. Qc2 Qe7 17. Rfd1 Rad8 18. b4 Nf6 19. a4 g5 20.
Nfe2 Ne4 21. a5 a6 22. b5 Rc8 23. bxa6 bxa6 24. Rb1 Rb8 25. Rb6 hxg3 26. hxg3 Nxf2 27.
Kxf2 Qxe3+ 28. Kf1 f4 29. Qd3 Qe6 30. Rdb1 Rbc8 31.
Rb7 Qg4 32. Qf3 Qf5 33. gxf4 g4 34. Qg3 c5 35. Nd5 cxd4 36. Rd1 Rxe2 37. Kxe2 Qc2+ 38. Rd2 Re8+ 39. Ne3 Qxc4+ 40. Kd1 dxe3 41. Rc2 e2+ 42. Ke1 Qxc2 0-1

[Event "Late-Titled-Tuesday-Blitz-March-05-2024"]
[Site "Chess.com"]
[Date "2024.03.05"]
[Round "2"]
[White "Schattman"]
[Black "Penafiel-Josselyne02"]
[Result "1-0"]
[WhiteElo "2435"]
[BlackElo "2043"]
[TimeControl "180+1"]
[EndTime "14:18:10 PST"]
[Termination "Schattman won on time"]

1. f4 Nf6 2. Nf3 g6 3. d3 d6 4. e4 c5 5. g3 Bg7 6. Bg2 O-O 7.
O-O Nc6 8. c3 Rb8 9. a4 a6 10.
h3 b5 11. axb5 axb5 12. Be3 b4 13. Qe2 bxc3 14. bxc3 Nd7 15. d4 cxd4 16. cxd4 e5 17. fxe5 dxe5 18. d5 Nd4 19. Qf2 Nxf3+ 20. Qxf3 Rb3 21.
Nd2 Rc3 22. Qe2 Nc5 23. Kh2 Qd6 24. Rac1 Ba6 25. Rxc3 Bxe2 26. Bxc5 Qc7 27. Rfc1 Qa5 28.
Nb3 Qa2 29. R1c2 Qa6 30. Bxf8 Bxf8 31. Nc5 Bxc5 32. Rxc5 Bd3 33. R2c3 Bf1 34. Rc6 Qe2 35. Rc2 Qb5 36. d6 Bxg2 37. Kxg2 Kg7 38. d7 Qd3 39.
Rc7 Qxe4+ 40. Kh2 Qd3 41. Rf2 e4 42. d8=Q Qxd8 43. Rfxf7+ Kg8 44. Rg7+ Kf8 45. Rgf7+ Ke8 46. h4 Qd2+ 47. Kh3 Qd8 48. Rxh7 1-0

[Event "Late-Titled-Tuesday-Blitz-March-05-2024"]
[Site "Chess.com"]
[Date "2024.03.05"]
[Round "2"]
[White "Shahdad2007"]
[Black "Igor_Lysyj"]
[Result "0-1"]
[WhiteElo "2570"]
[BlackElo "2826"]
[TimeControl "180+1"]
[EndTime "14:18:11 PST"]
[Termination "Igor_Lysyj won by resignation"]

1. Nf3 d5 2. c4 e6 3. g3 Nf6 4. Bg2 Be7 5. O-O O-O 6. d4 dxc4 7. Na3 Bxa3 8. bxa3 Bd7 9. a4 Bc6 10. Ba3 Re8 11.
Qc2 Nbd7 12. Rac1 a5 13. Qxc4 Nb6 14. Qc3 Nxa4 15. Qb3 Nb6 16. Rxc6 bxc6 17. Ne5 Qxd4 18. Nxc6 Qc4 19. Ne7+ Rxe7 20. Bxe7 Qxb3 21. axb3 Rb8 22.
Ra1 Nfd5 23. Bc5 Ra8 24. e4 Nb4 25. e5 N4d5 26. f4 h5 27. h4 g6 28. Kf2 Nd7 29.
Bb4 Rb8 30. Bxa5 Rxb3 31. Bxd5 exd5 32. Bxc7 Nc5 33. Ra8+ Kh7 34. e6 Nxe6 35. Be5 Ng7 36. Ra7 Nf5 37. Rxf7+ Kg8 38. Rd7 Rxg3 39. Rxd5 Rg4 40.
Ra5 Nxh4 41. Ra6 Nf5 42. Kf3 Rg3+ 43. Ke4 h4 44. Kd5 Rd3+ 45. Ke6 Rd8 46. Kf6 Kh7 47. Ra7+ Kh6 48. Ra3 Kh5 49. Kf7 Rd7+ 50. Ke6 Rb7 51. Kf6 Rb6+ 52. Kf7 Kg4 53. Bf6 h3 54. Kxg6 h2 55.
Ra1 Ng3 56. f5 h1=Q 57. Ra4+ Ne4 58. Rxe4+ Qxe4 0-1

[Event "Late-Titled-Tuesday-Blitz-March-05-2024"]
[Site "Chess.com"]
[Date "2024.03.05"]
[Round "2"]
[White "AndresDelgado77"]
[Black "dosto07"]
[Result "0-1"]
[WhiteElo "2289"]
[BlackElo "2515"]
[TimeControl "180+1"]
[EndTime "14:18:11 PST"]
[Termination "dosto07 won on time"]

1. e4 e5 2. Bc4 Nc6 3. d3 Bc5 4.
f4 Nf6 5. Nc3 d6 6. Nf3 exf4 7.
Bxf4 Nd4 8. Nxd4 Bxd4 9. Qf3 c6 10. Bb3 Qa5 11. Bd2 Qh5 12. Qg3 Be5 13. Qxg7 Rg8 14. Qh6 Rxg2 15. Qxh5 Nxh5 16. O-O-O Be6 17. Rdg1 Rxg1+ 18.
Rxg1 Ke7 19. h4 Bf4 20. Ne2 Bxd2+ 21. Kxd2 Bxb3 22. axb3 Nf6 23. Nf4 Rg8 24. Rg5 h6 25.
Rxg8 Nxg8 26. Ke3 Nf6 27. Kf3 Nd7 28. d4 Kf6 29. c3 Nf8 30. Kg4 Ng6 31. Nh5+ Ke6 32.
Ng7+ Kf6 33. Nf5 h5+ 34. Kxh5 d5 35. Ng3 dxe4 36. Nxe4+ Kf5 37. Nd6+ Ke6 38. Nxb7 Nf4+ 39. Kg4 Nd5 40. Nc5+ Ke7 41. Kf5 Ne3+ 42. Ke4 Nd1 43. h5 Nxb2 0-1

[Event "Late-Titled-Tuesday-Blitz-March-05-2024"]
[Site "Chess.com"]
[Date "2024.03.05"]
[Round "2"]
[White "Harsha_Bharathakoti"]
[Black "Slovak_fighter2000"]
[Result "1-0"]
[WhiteElo "2968"]
[BlackElo "2625"]
[TimeControl "180+1"]
[EndTime "14:18:12 PST"]
[Termination "Harsha_Bharathakoti won on time"]

1. Nf3 d5 2. e3 Nf6 3. c4 c6 4. Nc3 a6 5. b3 b5 6. Bb2 Bg4 7. h3 Bxf3 8. Qxf3 e6 9. d4 Be7 10. Bd3 O-O 11. O-O Nbd7 12. Qe2 Bb4 13. a3 Bxc3 14.
Bxc3 Re8 15. Rfd1 e5 16. dxe5 Nxe5 17. cxd5 cxd5 18. Bf5 Qe7 19. Bb4 Qb7 20. Rac1 g6 21. Bb1 Rac8 22. Bc3 Ne4 23. Bd4 Nc6 24. Ba1 Ne5 25. Rxc8 Qxc8 26. Qb2 Nf6 27. Qd4 Qe6 28. Rc1 Ned7 29. Rc7 Kf8 30. Bc3 Ne5 31. Bc2 h5 32. Bd1 Ne4 33. Bb2 Nf6 34. Be2 Ned7 35. a4 Rb8 36.
axb5 axb5 37. Qa7 Rd8 38. Bd4 Ne5 39. Bxb5 Ne4 40. Be2 Qf5 41. Bxe5 Qxf2+ 42. Kh2 Re8 43. Bf4 1-0

[Event "Late-Titled-Tuesday-Blitz-March-05-2024"]
[Site "Chess.com"]
[Date "2024.03.05"]
[Round "2"]
[White "VojtechPlat"]
[Black "bazar-wokzal"]
[Result "1-0"]
[WhiteElo "2854"]
[BlackElo "2582"]
[TimeControl "180+1"]
[EndTime "14:18:13 PST"]
[Termination "VojtechPlat won on time"]

1. e4 Nc6 2. Nf3 d5 3. exd5 Qxd5 4. Nc3 Qa5 5. a3 Nf6 6. Be2 Bg4 7. O-O O-O-O 8.
Rb1 Bxf3 9. Bxf3 Nd4 10. b4 Qf5 11. d3 Nxf3+ 12. Qxf3 Qxf3 13. gxf3 e6 14. Be3 Nd5 15. Nxd5 Rxd5 16. Rfd1 Be7 17. c4 Rf5 18. Kg2 a6 19. d4 b5 20. d5 exd5 21. cxb5 axb5 22. a4 bxa4 23. Ra1 Kb7 24. Rxa4 Ra8 25. Rxa8 Kxa8 26. b5 Kb7 27. Ra1 d4 28. Bxd4 Rxb5 29. Re1 Bd6 30. h4 g6 31. Re8 c5 32. Bf6 c4 33. Rh8 h5 34. Rh7 Rf5 35. Bc3 Kc6 36. Rh8 Be5 37.
Rc8+ Kb5 38. Bd2 Rf6 39. Be3 Rc6 40. Re8 Bc7 41. Re7 f5 42. Rd7 c3 43. Rd5+ Kc4 44. Rd4+ Kb3 45. Rd5 c2 46. Rb5+ Kc4 47. Rb2 Kd3 48.
Rb3+ Ke2 49. Ra3 f4 50. Bc1 Be5 51. Ra5 Re6 52. Rd5 Bc3 53. Bxf4 Rf6 54. Bg5 Rxf3 55. Rd6 Rxf2+ 56. Kh3 Rf3+ 57. Kg2 Rd3 58. Rxg6 Bd2 59. Rc6 Bxg5 60. Rxc2+ 1-0

[Event "Late-Titled-Tuesday-Blitz-March-05-2024"]
[Site "Chess.com"]
[Date "2024.03.05"]
[Round "2"]
[White "Hudijegszid"]
[Black "Airquake"]
[Result "1-0"]
[WhiteElo "2353"]
[BlackElo "2658"]
[TimeControl "180+1"]
[EndTime "14:18:13 PST"]
[Termination "Hudijegszid won on time"]

1. e4 c5 2. Nf3 d6 3. Nc3 Nf6 4.
e5 dxe5 5. Nxe5 e6 6. Bb5+ Nbd7 7. d4 a6 8. Bxd7+ Nxd7 9. Qf3 Qf6 10. Bf4 cxd4 11.
Ne4 Qf5 12. Nc4 Qd5 13. Ned6+ Bxd6 14. Nxd6+ Kf8 15. Qxd5 exd5 16. O-O-O Nf6 17. Rhe1 b5 18. Nxc8 Rxc8 19. Rxd4 Re8 20. Bd6+ Kg8 21. Rxe8+ Nxe8 22. Rxd5 f6 23. Bf4 Kf7 24. Rd7+ Kg6 25. Ra7 h5 26. Rxa6 Kf5 27. Be3 Nc7 28. Rc6 Ne6 29. Rb6 g5 30.
Rxb5+ Ke4 31. Kd2 g4 32. Ke2 Nf4+ 33. Bxf4 Kxf4 34. a4 Rc8 35. c3 h4 36. a5 Re8+ 37.
Kd2 Rd8+ 38. Kc2 f5 39. Rb4+ Kg5 40. Rd4 Ra8 41. b4 f4 42. Rd5+ Kf6 43. g3 fxg3 44.
fxg3 h3 45. c4 Re8 46. a6 Re2+ 47. Kd3 Rxh2 48. a7 Ra2 49. Ra5 h2 50. a8=Q 1-0

[Event "Late-Titled-Tuesday-Blitz-March-05-2024"]
[Site "Chess.com"]
[Date "2024.03.05"]
[Round "2"]
[White "Zorbos"]
[Black "Abund"]
[Result "0-1"]
[WhiteElo "2553"]
[BlackElo "2799"]
[TimeControl "180+1"]
[EndTime "14:18:14 PST"]
[Termination "Abund won by resignation"]

1. e4 c6 2. d4 d5 3. Nc3 dxe4 4. Nxe4 Bf5 5. Ng3 Bg6 6. h4 h6 7.
h5 Bh7 8. Nf3 e6 9. Bd3 Bxd3 10.
Qxd3 Nf6 11. Bd2 Bd6 12. Ne4 Nxe4 13. Qxe4 Nd7 14. O-O-O Qc7 15. Kb1 O-O-O 16. c4 Nf6 17. Qe2 c5 18. Bc3 Rhe8 19. dxc5 Qxc5 20. Ka1 Qc7 21. Ne5 Bxe5 22. Bxe5 Qc6 23. Bg3 Ne4 24. Be5 f6 25. Bd4 b6 26. f3 Nd6 27. Rc1 Nf5 28.
Bf2 Nd4 29. Qe1 e5 30. Qb4 Qc5 31. Qa4 Kb7 32. Rhd1 Re7 33. b4 Qc6 34. Qxc6+ Nxc6 35. a3 Red7 36. Rxd7+ Rxd7 37. Rc2 Rd3 38. Kb2 Ne7 39. c5 b5 40. Rc3 Rd2+ 41. Rc2 Rd1 42. g4 Kc6 43.
Re2 Nd5 44. Kc2 Ra1 45. Kb2 Rh1 46. Kc2 Rh3 47. Rd2 Rxf3 48. Be1 Rxa3 49. Kb2 Re3 50. Bf2 Re4 0-1

[Event "Late-Titled-Tuesday-Blitz-March-05-2024"]
[Site "Chess.com"]
[Date "2024.03.05"]
[Round "2"]
[White "Eloist"]
[Black "LikeWater"]
[Result "0-1"]
[WhiteElo "2430"]
[BlackElo "2686"]
[TimeControl "180+1"]
[EndTime "14:18:14 PST"]
[Termination "LikeWater won by resignation"]

1. e4 c6 2. Nf3 d5 3. Nc3 Bg4 4. d4 e6 5. h3 Bxf3 6. Qxf3 g6 7. Qd1 Bg7 8. Be3 Ne7 9. Bd3 O-O 10. O-O a5 11. e5 Nd7 12. Ne2 c5 13. c3 c4 14. Bc2 b5 15. a4 b4 16. b3 Rc8 17.
Qd2 Nc6 18. bxc4 dxc4 19. cxb4 axb4 20. Be4 c3 21. Qd3 Nb6 22. Bxc6 Rxc6 23. Qb5 Qc7 24. Qxb4 Nd5 25. Qa3 c2 26. Rfc1 Rb8 27. a5 Bf8 28. Qd3 Ra8 29. Bd2 Bb4 30. Bxb4 Nxb4 31. Qa3 Nd5 32.
a6 Kg7 33. a7 Qb6 34. Ra2 Qb4 35. Qxb4 Nxb4 36. Ra3 Rc7 37. Rb3 Na2 38. Ra3 Nxc1 39. Nxc1 Raxa7 40. Rxa7 Rxa7 41. Kf1 Ra1 42. Ke2 Rxc1 43.
Kd2 Rf1 44. Kxc2 Rxf2+ 0-1

[Event "Late-Titled-Tuesday-Blitz-March-05-2024"]
[Site "Chess.com"]
[Date "2024.03.05"]
[Round "2"]
[White "TanitoluwaAps116"]
[Black "WilsonPalencia21"]
[Result "1/2-1/2"]
[WhiteElo "2828"]
[BlackElo "2580"]
[TimeControl "180+1"]
[EndTime "14:18:15 PST"]
[Termination "Game drawn - insufficient material"]

1. e4 c5 2. Nf3 d6 3. Bb5+ Nd7 4. c3 Nf6 5. Bd3 g5 6. h3 Rg8 7. Bc2 c4 8. b3 b5 9. bxc4 bxc4 10. Na3 Nb6 11. Qe2 Qc7 12. e5 dxe5 13. Nxe5 Be6 14.
Rb1 Rc8 15. Nb5 Qb7 16. Ba4 Kd8 17. Nd4 Qxg2 18. Bc6 Rxc6 19. Nexc6+ Ke8 20. Rf1 Bxh3 21. Nxa7 Nfd5 22. f3 Qxe2+ 23. Kxe2 Nf4+ 24. Kd1 Bxf1 25. Rxb6 Bg7 26. Rb8+ Kd7 27. Rxg8 Bxd4 28. cxd4 h6 29. Nb5 Be2+ 30. Kc2 Bxf3 31. Nc3 g4 32. d3 Nxd3 33. Bxh6 f5 34. a4 f4 35. a5 g3 36. Bxf4 Nxf4 37. Rxg3 Bb7 38. Rg5 Ne6 39. Rb5 Nxd4+ 40. Kb2 Nxb5 41.
Nxb5 Ba6 42. Nd4 Kd6 43. Kc3 Kc5 44. Ne6+ Kd5 45. Nc7+ Kc5 46. Nxa6+ Kb5 47. Nb4 Kxa5 48. Nc6+ Kb5 49. Nxe7 Kc5 50. Nf5 Kd5 51. Ne3+ Ke6 52. Nxc4 1/2-1/2

[Event "Late-Titled-Tuesday-Blitz-March-05-2024"]
[Site "Chess.com"]
[Date "2024.03.05"]
[Round "2"]
[White "NoHeThTo"]
[Black "Azerichess"]
[Result "0-1"]
[WhiteElo "2641"]
[BlackElo "3051"]
[TimeControl "180+1"]
[EndTime "14:18:16 PST"]
[Termination "Azerichess won by checkmate"]

1. d4 Nf6 2. Nc3 d5 3. Bf4 a6 4.
e3 Bf5 5. f3 e6 6. g4 Bg6 7. h4 h5 8. g5 Ng8 9. Bd3 Ne7 10.
Nge2 Nd7 11. a3 c5 12. dxc5 Nxc5 13. Bxg6 Nxg6 14. Qd4 e5 15. Bxe5 Ne6 16. Qxd5 Qxd5 17. Nxd5 Nxe5 18. f4 O-O-O 19. O-O-O Ng4 20. Nb6+ Kc7 21. Rxd8 Nxd8 22. Nd5+ Kc6 23. Rd1 Bc5 24. e4 Nf2 25. Nd4+ Kd7 26. Nb3 Nxd1 27. Nxc5+ Kd6 28. Nd3 Re8 29. Kxd1 Rxe4 30. Nc3 Re8 31. Kd2 Nc6 32. Ne2 Ne7 33. Nd4 Kd5 34. c3 Ke4 35. Ne5 Kxf4 36. Nxf7 Ng6 37. Nd6 Re7 38. Nc8 Rd7 39. Nb6 Rd8 40.
Ke2 Kg4 41. Kf2 Nxh4 42. Nc4 Rf8+ 43. Ke2 Re8+ 44. Kf2 Nf5 45. Nxf5 Rf8 46. Ne3+ Kxg5 47. Kg3 Rxf5 48. Nxf5 Kxf5 49. Kh4 g5+ 50. Kg3 h4+ 51. Kh3 Kf4 52. c4 g4+ 53. Kxh4 g3 54. b4 g2 55.
c5 g1=Q 56. c6 Qg4# 0-1

[Event "Late-Titled-Tuesday-Blitz-March-05-2024"]
[Site "Chess.com"]
[Date "2024.03.05"]
[Round "2"]
[White "Practical-Play"]
[Black "Miguelito"]
[Result "1/2-1/2"]
[WhiteElo "2568"]
[BlackElo "2798"]
[TimeControl "180+1"]
[EndTime "14:18:17 PST"]
[Termination "Game drawn by repetition"]

1. e4 c5 2. c3 Nf6 3. e5 Nd5 4. d4 cxd4 5. Nf3 d6 6. Bc4 e6 7.
Bg5 Qa5 8. Qxd4 Nc6 9. Qe4 dxe5 10. O-O Nf6 11. Qe3 Bc5 12. Qe2 Qc7 13. Re1 e4 14.
Nfd2 Ne5 15. Bb5+ Bd7 16. Bxf6 gxf6 17. Nxe4 Be7 18. Nbd2 Bxb5 19. Qxb5+ Qc6 20. Qxc6+ Nxc6 21. Nc4 O-O-O 22. Rad1 Kc7 23. f4 f5 24. Nf2 h5 25.
Nd3 Bf6 26. Nde5 Nxe5 27. fxe5 Be7 28. Kf1 h4 29. h3 Rxd1 30. Rxd1 Rg8 31. Nd2 Kc6 32. Nf3 b5 33. Nd4+ Kb6 34. Nf3 Kc7 35. c4 b4 36. Nd4 a6 37. Nc2 Bc5 38. Ne1 a5 39. Nf3 Be7 40. Nd4 Bc5 41. Nb5+ Kc6 42. Nd4+ Kb6 43. Nf3 Be7 44. Rd7 Re8 45. b3 a4 46. bxa4 Kc6 47. Ra7 Kc5 48. Rc7+ Kb6 49. Rd7 Kc6 50. Ra7 Kc5 51. Rc7+ Kb6 52. Rd7 1/2-1/2

[Event "Late-Titled-Tuesday-Blitz-March-05-2024"]
[Site "Chess.com"]
[Date "2024.03.05"]
[Round "2"]
[White "cthulhuuu"]
[Black "shirovin"]
[Result "1-0"]
[WhiteElo "2441"]
[BlackElo "2052"]
[TimeControl "180+1"]
[EndTime "14:18:17 PST"]
[Termination "cthulhuuu won on time"]

1. e4 c5 2. Nf3 d6 3. g3 Nc6 4. Bg2 g6 5. O-O Bg7 6. d3 e6 7. c3 Nge7 8. d4 cxd4 9. cxd4 d5 10. e5 O-O 11. Nc3 Bd7 12. Bf4 Na5 13. b3 Rc8 14. Qd2 a6 15. Rfc1 b5 16. h4 Qb6 17. Bh6 Rc7 18.
h5 Rfc8 19. Bxg7 Kxg7 20. Qg5 Ng8 21. Ne2 Rc2 22. hxg6 hxg6 23. Rxc2 Rxc2 24. Nf4 Qc7 25. Nh5+ Kf8 26. Nf6 Be8 27. Qh4 Rc1+ 28. Kh2 Rxa1 29. Qh8 Ke7 30. Qxg8 Qc8 31. Ng5 b4 32. Qg7 Qd8 33.
Ng8+ Kd7 34. Nxf7 Bxf7 35. Qxf7+ Kc8 36. Nf6 Kb8 37. Qxe6 Rxa2 38. Nxd5 Rxf2 39. Kg1 Rb2 40. Nxb4 Rb1+ 41. Kh2 Qh8+ 42. Bh3 Rb2+ 43. Kg1 Nxb3 44. Qb6+ 1-0

[Event "Late-Titled-Tuesday-Blitz-March-05-2024"]
[Site "Chess.com"]
[Date "2024.03.05"]
[Round "2"]
[White "kai_nov"]
[Black "2346PL"]
[Result "1-0"]
[WhiteElo "2367"]
[BlackElo "2520"]
[TimeControl "180+1"]
[EndTime "14:18:19 PST"]
[Termination "kai_nov won by resignation"]

1. d4 d6 2. c4 e5 3. d5 f5 4. e4 fxe4 5. Nc3 Nf6 6. Nge2 Bg4 7. Qc2 Be7 8. Ng3 O-O 9. h3 Bd7 10. Ncxe4 Nxe4 11. Nxe4 Na6 12. a3 Nc5 13. Nxc5 dxc5 14. Bd3 h6 15. Be3 b6 16. O-O Bg5 17. Rae1 Qf6 18.
Bxg5 Qxg5 19. Re3 Rae8 20. Rfe1 Kh8 21. Qe2 Qf4 22. Rf3 Qd4 23. Qe4 Qxe4 24. Bxe4 Rxf3 25. Bxf3 g5 26. Be4 Kg7 27. Bd3 a5 28. Re3 Kf6 29.
Rf3+ Ke7 30. Bg6 Rf8 31. Rxf8 Kxf8 32. f3 a4 33. Kf2 Ke7 34. Ke3 Kd6 35. Bd3 c6 36.
dxc6 Bxc6 37. Be4 Bd7 38. Bd3 Be6 39. Be2 Bf5 40. Bd3 Bd7 41. Be2 Bc6 42. Bd3 Bb7 43.
Bc2 Ba8 44. Bxa4 Bb7 45. Bc2 Ba6 46. Bd3 Bc8 47. b4 Bd7 48. Ke4 Ke6 49. g3 Bc6+ 50.
Ke3 Kd6 51. Be4 Bd7 52. h4 Ba4 53. Bd3 Bd7 54. hxg5 hxg5 55. Ke4 Bc6+ 56. Kf5 Bxf3 57. Kxg5 e4 58. Bf1 Ke5 59. bxc5 bxc5 60. a4 e3 61. a5 e2 62. Bxe2 Bxe2 63. a6 Bf3 64. a7 Bc6 65. g4 Kd4 66. Kf6 Kxc4 67. g5 Kd3 68. g6 c4 69. g7 Bd5 70. a8=Q Bxa8 71. g8=Q Be4 72. Qg3+ Kd4 73. Qf2+ Kd3 74. Ke5 Bc6 75. Qd4+ 1-0

[Event "Late-Titled-Tuesday-Blitz-March-05-2024"]
[Site "Chess.com"]
[Date "2024.03.05"]
[Round "2"]
[White "maximnovik"]
[Black "AlexeiShirov"]
[Result "0-1"]
[WhiteElo "2584"]
[BlackElo "2867"]
[TimeControl "180+1"]
[EndTime "14:18:20 PST"]
[Termination "AlexeiShirov won on time"]

1. e4 e5 2. Nf3 Nc6 3. Bb5 a6 4. Ba4 Nf6 5. O-O b5 6. Bb3 Bc5 7. d3 d6 8. c3 h6 9. Nbd2 O-O 10.
h3 Bb6 11. Re1 Ne7 12. Nf1 Ng6 13. Ng3 Be6 14. d4 Re8 15. Bc2 Qc8 16. Kh2 c5 17. d5 Bd7 18. Be3 Rb8 19. Qd2 c4 20.
Bxh6 gxh6 21. Qxh6 Qd8 22. Ng5 Qe7 23. Nf5 Bxf5 24.
exf5 Qf8 25. Nxf7 Qxh6 26. Nxh6+ Kg7 27. fxg6 Kxh6 28. f3 e4 29. f4 Kxg6 30. g4 Kg7 31. Kg3 e3 32. Rad1 Ne4+ 33. Bxe4 Rxe4 34. Re2 Rf8 35. Rf1 b4 36. h4 a5 37. g5 a4 38.
a3 bxc3 39. bxc3 Ba5 40. Rf3 Bxc3 41. Rexe3 Rxe3 42. Rxe3 Bb2 43. f5 Rxf5 44. Kg4 Re5 45.
Rf3 c3 46. Rf2 Rxd5 47. h5 Rd4+ 48. Kf5 Rd5+ 49. Kg4 Rd2 50. h6+ Kg8 51. Rf6 c2 52. g6 Bxf6 0-1

[Event "Late-Titled-Tuesday-Blitz-March-05-2024"]
[Site "Chess.com"]
[Date "2024.03.05"]
[Round "2"]
[White "Sokoloco"]
[Black "Ducke13"]
[Result "1-0"]
[WhiteElo "2757"]
[BlackElo "2403"]
[TimeControl "180+1"]
[EndTime "14:18:20 PST"]
[Termination "Sokoloco won by checkmate"]

1. b3 Nf6 2. Bb2 g6 3. g3 Bg7 4. c4 O-O 5. Bg2 Na6 6. Nf3 d6 7. d4 e5 8. dxe5 dxe5 9. Qxd8 Rxd8 10. Bxe5 Nb4 11. Na3 Ne4 12. O-O Bxe5 13. Nxe5 Nc3 14. Rfe1 c6 15. Nd3 Nbxa2 16. Nb1 Bf5 17. Nxc3 Nxc3 18.
Nc5 b6 19. Nb7 Re8 20. Nd6 Rxe2 21. Nxf5 gxf5 22. Bxc6 Rc8 23. Bd7 Rc7 24. Bxf5 Rce7 25. Rxe2 Nxe2+ 26. Kg2 Nd4 27. Bc8 Nxb3 28. Rd1 Nc5 29.
Bf5 a5 30. Rd8+ Kg7 31. Rb8 Na4 32. Bc2 Nb2 33. Bb3 a4 34. Ba2 Re6 35. c5 bxc5 36.
Bxe6 Nd3 37. Bc4 a3 38. Bxd3 c4 39. Bxc4 a2 40. Bxa2 h5 41. Rb7 h4 42. gxh4 Kh6 43. Kg3 Kh5 44. Bxf7+ Kh6 45. Bd5 Kg6 46. Be4+ Kh6 47.
Rh7# 1-0